 Dungeon Crawl Stone Soup version 0.27.1-4-g1640c2035a (webtiles) character file.

Game seed: 10668405132353155913

121 Findor the Firebug (level 5, -2/46 HPs)
             Began as an Octopode Fire Elementalist on Nov 16, 2021.
             Killed by divine providence
             ... invoked by an orc priest
              (16 damage)
             ... on level 3 of the Dungeon.
             The game lasted 00:06:03 (2546 turns).

Findor the Firebug (Octopode Fire Elementalist)     Turns: 2546, Time: 00:06:04

Health: -2/46      AC: 22    Str:  8    XL:     5   Next: 5%
Magic:  2/9        EV:  2    Int: 18    God:
Gold:   128        SH:  5    Dex: 12    Spells: 2/10 levels left

rFire    . . .     SeeInvis .   a - +1 whip (venom)
rCold    . . .     Faith    .   (no shield)
rNeg     + + +     Spirit   .   (helmet currently unavailable)
rPois    +         Reflect  +   g - amulet of reflection
rElec    .         Harm     .   j - +4 ring of evasion
rCorr    .         Rampage  .   (no ring)
Will     .....     NoTele   +   (no ring)
Stlth    ++........             (no ring)
HPRegen  0.15/turn              (no ring)
MPRegen  0.11/turn              (no ring)
                                (no ring)
                                (no ring)

@: tree-form
A: stationary, stasis, torment immunity, boosted hp, almost no armour,
(amphibious), 8 rings, (camouflage 1), (gelatinous body 1), (nimble swimmer 1),
(tentacles)
a: no special abilities


You were on level 3 of the Dungeon.
You were a tree.
You visited 1 branch of the dungeon, and saw 3 of its levels.

You collected 128 gold pieces.


Innate Abilities, Weirdness & Mutations

You are a tree.
Your roots penetrate the ground, keeping you stationary.
You cannot be teleported.
You are immune to unholy pain and torment.
Your maximum health is greatly increased.
You cannot wear most types of armour.
((You are amphibious.))
You can wear up to eight rings at the same time.
((Your skin changes colour to match your surroundings (Stealth+).))
((Your rubbery body absorbs attacks. (AC +1, EV +1)))
((You are camouflaged near water. (Stealth+)))
((You have tentacles for arms and can constrict up to eight enemies at once.))


   Skills:
 - Level 2.0 Dodging
 - Level 2.6 Stealth
 + Level 3.1 Spellcasting
 + Level 2.6 Conjurations
 * Level 4.1 Fire Magic


You had 2 spell levels left.
You knew the following spells:

 Your Spells              Type           Power      Damage    Failure   Level
a - Foxfire               Conj/Fire      56%        2x1d6     4%          1
d - Conjure Flame         Conj/Fire      14%        6-21      12%         3
q - Sticky Flame          Conj/Fire      14%        2d4       38%         4

Your spell library contained the following spells:

 Spells                   Type           Power      Damage    Failure   Level
 Shock                    Conj/Air       28%        1d4       10%         1
 Slow                     Hex            2%         N/A       24%         2
 Inner Flame              Hex/Fire       10%        N/A       21%         3
 Confusing Touch          Hex            2%         N/A       43%         3
 Swiftness                Air            2%         N/A       43%         3
 Vampiric Draining        Necr           1%         2d6       43%         3
 Fireball                 Conj/Fire      7%         3d5       75%         5
 Airstrike                Air            1%         N/A       85%         4

Inventory:

Hand Weapons
 a - a +1 whip of venom (weapon)
   (You took it off a kobold on level 3 of the Dungeon)
 b - a +0 short sword
   (You took it off a kobold on level 1 of the Dungeon)
Jewellery
 g - an amulet of reflection (around neck)
   (You found it on level 2 of the Dungeon)
 j - a +4 ring of evasion (left branch)
   (You found it on level 1 of the Dungeon)
Scrolls
 d - 4 scrolls of enchant weapon {unknown}
 h - a scroll of identify {unknown}
Potions
 c - a potion of lignification {!q}
 e - 2 potions of degeneration {unknown}
 f - a potion of magic {unknown}
 i - a potion of invisibility {unknown}


Message History

You conjure some foxfire!
The foxfire hits the orc priest.
The foxfire hits the orc wizard.
The foxfire hits the orc priest.
Your magical contamination has completely faded away.
Casting: Foxfire (safe; 4% risk of failure)
You conjure some foxfire!
The orc priest calls upon Beogh to heal the orc wizard.
The orc wizard's wounds heal themselves!
The foxfire hits the orc wizard.
The foxfire hits the orc priest.
The orc priest hits you from afar with a +0 trident.
Casting: Foxfire (safe; 4% risk of failure)
You conjure some foxfire!
The orc priest calls upon Beogh to heal the orc wizard.
The orc wizard's wounds heal themselves!
The orc wizard misses you.
The foxfire hits the orc wizard but does no damage.
The foxfire hits the orc wizard.
You block the orc priest's attack. The orc wizard misses you.
Casting: Foxfire (safe; 4% risk of failure)
You conjure some foxfire!
The orc priest hits you from afar with a +0 trident.
The orc wizard closely misses you.
The foxfire hits the orc wizard.
The foxfire hits the orc wizard but does no damage.
The orc priest barely misses you. The orc wizard barely misses you.
Unknown command.
Casting: Foxfire (safe; 4% risk of failure)
You conjure some foxfire!
The orc priest barely misses you. The orc wizard misses you.
The foxfire hits the orc priest.
The foxfire hits the orc wizard.
The orc priest hits you from afar with a +0 trident!
* * * LOW HITPOINT WARNING * * *
The orc wizard closely misses you.
Unknown command.
Unknown command.
It was a potion of lignification.
You turn into a tree.
Your roots penetrate the ground.
You block the orc priest's attack.
The orc wizard hits you but does no damage.
You closely miss the orc wizard.
The orc priest calls upon Beogh to heal the orc wizard.
The orc wizard is healed somewhat.
The orc wizard hits you but does no damage.
You closely miss the orc wizard.
The orc priest calls down the wrath of Beogh upon you.
Beogh smites you!
* * * LOW HITPOINT WARNING * * *
The orc wizard hits you but does no damage.
You hit the orc wizard.
The orc priest calls down the wrath of Beogh upon you.
Beogh smites you!
You die...

..... ###..#
####..).#
#.....#.....
#.<.).# .#.
#.)...#
#...o.#
#.o...#
#.♣...#
#..#### #.
#.## #. ##.#
#.# #..# #.<
#.##
###.####.#
#.
#........#
..
#........#
..


You could see an orc priest and an orc wizard.

Vanquished Creatures
  4 adders
  3 gnolls
  2 dart slugs (D:2)
  3 orcs (D:3)
  7 ball pythons
  3 endoplasms
  6 goblins
  4 hobgoblins
  7 kobolds
  3 quokkas
  3 bats
  4 frilled lizards
  4 rats
53 creatures vanquished.

Vanquished Creatures (collateral kills)
  2 foxfires (D:1)
2 creatures vanquished.

Vanquished Creatures (others)
  143 foxfires
143 creatures vanquished.

Grand Total: 198 creatures vanquished

Notes
Turn   | Place    | Note
-------+----------+-------------------------------------------
     0 | D:1      | Findor the Octopode Fire Elementalist began the quest for
                  | the Orb.
     0 | D:1      | Reached XP level 1. HP: 11/11 MP: 3/3
   309 | D:1      | Reached XP level 2. HP: 17/17 MP: 1/5
   976 | D:2      | Reached XP level 3. HP: 21/21 MP: 3/6
  1427 | D:2      | Reached XP level 4. HP: 22/27 MP: 5/8
  1812 | D:2      | Reached skill level 3 in Spellcasting
  1884 | D:2      | Learned a level 3 spell: Conjure Flame
  2025 | D:2      | Learned a level 4 spell: Sticky Flame
  2278 | D:3      | Found a faded altar of an unknown god.
  2338 | D:3      | Reached skill level 4 in Fire Magic
  2481 | D:3      | Reached XP level 5. HP: 31/31 MP: 5/9
  2546 | D:3      | Killed from afar by an orc priest

Levels and vault maps discovered:
D:1:      tarquinn_simple_flora_water_a, layout_rooms
D:2:      layout_loops_cross
D:3:      layout_rooms, nzn_hepliaklqana_mist_gate,
          mainiacjoe_overflow_alcove_2, shapermc_ecumenical_altar_venn,
          gammafunk_ghost_smash, roderic_filled_cross,
          chequers_serial_rivers_micro_c, minmay_randomly_rotated_circles

Action                   |  1- 3 |  4- 6 || total
-------------------------+-------+-------++-------
Melee: Constrict         |     3 |     2 ||     5
       Unarmed           |     1 |       ||     1
       Short sword       |     5 |     9 ||    14
       Whip              |       |     5 ||     5
 Cast: Foxfire           |    49 |    41 ||    90
  Use: Potion            |       |     1 ||     1
 Stab: Sleeping          |       |     1 ||     1
Armor: Skin              |     2 |     5 ||     7
Dodge: Dodged            |    16 |    25 ||    41
Block: Other             |       |     7 ||     7
